 Dungeon Crawl Stone Soup version 0.23.2-1-ga50397a (webtiles) character file.

Game seed: 15497328083485953273

996 IBeShadow the Quickloader (level 8, -2/51 HPs)
             Began as a Kobold Hunter on Apr 27, 2019.
             Was a Follower of Okawaru.
             Slain by an ogre
             ... wielding a +0 giant spiked club
              (16 damage)
             ... on level 5 of the Dungeon.
             The game lasted 00:19:05 (6176 turns).

IBeShadow the Quickloader (Kobold Hunter)           Turns: 6176, Time: 00:19:06

Health: -2/51      AC:  6    Str: 11    XL:     8   Next: 42%
Magic:  0/8        EV: 13    Int: 13    God:    Okawaru [*.....]
Gold:   265        SH:  0    Dex: 15    Spells: 7/7 levels left

rFire    . . .     SeeInvis +   v - +1 short sword (drain)
rCold    . . .     Gourm    .   (shield restricted)
rNeg     . . .     Faith    .   d - +0 ring mail
rPois    .         Spirit   +   m - +0 helmet
rElec    .         Reflect  .   o - scarf {Spirit}
rCorr    .         Harm     .   (no gloves)
MR       .....                  (no boots)
Stlth    +.........             (no amulet)
HPRegen  0.17/turn              h - ring of see invisible
MPRegen  0.11/turn              (no ring)

@: no status effects
A: small, carnivore
a: Heroism, Renounce Religion


You were on level 5 of the Dungeon.
You worshipped Okawaru.
Okawaru was aware of your devotion.
You were completely stuffed.

You visited 1 branch of the dungeon, and saw 5 of its levels.

You collected 265 gold pieces.

Inventory:

Hand Weapons
 a - a +1 hand crossbow
 b - a +0 short sword
 v - a +1 short sword of draining (weapon)
Missiles
 j - 12 bolts
Armour
 d - a +0 ring mail (worn)
 m - a +0 helmet (worn)
 o - a scarf of spirit shield (worn)
Jewellery
 h - a ring of see invisible (left hand)
Wands
 q - a wand of enslavement (12)
Scrolls
 e - 6 scrolls of identify {unknown}
 i - 4 scrolls of remove curse {unknown}
 k - a scroll of teleportation {unknown}
 l - 3 scrolls of amnesia {unknown}
 s - a scroll of enchant armour {unknown}
Potions
 g - 2 potions of flight {unknown}
 p - a potion of magic {unknown}
 r - a potion of lignification {unknown}
 t - 2 potions of heal wounds {unknown}
 u - a potion of berserk rage {unknown}
Comestibles
 c - 2 chunks of flesh
 f - 11 rations


   Skills:
 + Level 6.2 Fighting
 + Level 6.7 Short Blades
 + Level 8.0 Crossbows
 - Level 2.4 Dodging
 - Level 1.3 Stealth


You had 7 spell levels left.
You didn't know any spells.
Your spell library was empty.

Dungeon Overview and Level Annotations

Branches:
Dungeon (5/15)
 Temple: D:4-7

Altars:
Fedhas
Hepliaklqana
Okawaru
Vehumet


Innate Abilities, Weirdness & Mutations

You are small and have problems with some larger weapons.
You are carnivorous and can eat meat at any time.


Message History

The ogre misses you.
You hit the phantom.
The phantom is heavily damaged.
The phantom hits you!
The phantom blinks!
The ogre hits you with a +0 giant spiked club!
* * * LOW HITPOINT WARNING * * *
You are too injured to fight recklessly!
You are too injured to fight recklessly!
You are too injured to fight recklessly!
You are too injured to fight recklessly!
You are too injured to fight recklessly!
You are too injured to fight recklessly!
You are too injured to fight recklessly!
You are too injured to fight recklessly!
You are too injured to fight recklessly!
You are too injured to fight recklessly!
The phantom closely misses you.
There is an open door here.
The ogre hits you with a +0 giant spiked club!!
You die...

..##'##......
#######...........
#.....#...........
#.....#.....#
#.....#.....#
#.....#.....#
#.....#.....#
#.....#.....#
#....@#.....#
#...$.O.....#
#.....#.....#
#.....#.....#
#######.....########
#............#
######.......+
#....'.......#
##...#.......#


You could see an ogre.

Vanquished Creatures
  Sigmund (D:3)
  An ogre (D:3)
  A phantom (D:4)
  A scorpion (D:5)
  A crimson imp (D:5)
  A quasit (D:5)
  4 hounds
  Ijyb (D:3)
  Jessica (D:2)
  An orc wizard (D:3)
  2 worker ants
  Terence (D:3)
  A hound zombie (D:5)
  Robin (D:3)
  A howler monkey zombie (D:5)
  4 gnolls (D:2)
  9 adders
  3 oozes
  An adder skeleton (D:4)
  A worm (D:2)
  A dart slug (D:3)
  3 leopard geckos
  6 orcs
  4 giant cockroaches
  14 goblins
  12 hobgoblins
  4 jackals
  7 kobolds
  5 quokkas
  A ball python (D:1)
  5 bats
  6 frilled lizards
  10 rats
115 creatures vanquished.

Notes
Turn   | Place    | Note
-------+----------+-------------------------------------------
     0 | D:1      | IBeShadow the Kobold Hunter began the quest for the Orb.
     0 | D:1      | Reached XP level 1. HP: 12/12 MP: 1/1
    86 | D:1      | Reached skill level 5 in Crossbows
   150 | D:1      | Reached skill level 1 in Short Blades
   150 | D:1      | Reached XP level 2. HP: 18/18 MP: 2/2
   830 | D:1      | You fall through a shaft!
   832 | D:2      | Found a hazy altar of Hepliaklqana.
  1063 | D:2      | Reached XP level 3. HP: 22/22 MP: 3/3
  1698 | D:2      | Reached XP level 4. HP: 26/28 MP: 4/4
  1813 | D:2      | Found an iron altar of Okawaru.
  1814 | D:2      | Noticed Jessica
  2044 | D:2      | Killed Jessica
  2044 | D:2      | Reached XP level 5. HP: 21/32 MP: 5/5
  2354 | D:2      | Became a worshipper of Warmaster Okawaru
  2531 | D:3      | Reached skill level 6 in Crossbows
  2769 | D:3      | Reached XP level 6. HP: 23/38 MP: 6/6
  3151 | D:3      | Noticed Robin
  3176 | D:3      | Killed Robin
  3674 | D:3      | Noticed Ijyb
  3679 | D:3      | Killed Ijyb
  4050 | D:3      | Found a radiant altar of Vehumet.
  4189 | D:3      | Noticed Sigmund
  4190 | D:3      | Noticed Terence
  4196 | D:3      | Killed Sigmund
  4196 | D:3      | Reached skill level 5 in Short Blades
  4196 | D:3      | Reached XP level 7. HP: 44/44 MP: 7/7
  4203 | D:3      | Killed Terence
  4281 | D:3      | Reached skill level 5 in Fighting
  4281 | D:3      | Reached skill level 7 in Crossbows
  4591 | D:3      | Reached * piety under Okawaru
  5067 | D:4      | Found a blossoming altar of Fedhas.
  5149 | D:4      | Reached XP level 8. HP: 41/51 MP: 8/8
  5702 | D:5      | Entered Level 5 of the Dungeon
  6076 | D:5      | Reached skill level 8 in Crossbows
  6176 | D:5      | Slain by an ogre

Skill      XL: |  1  2  3  4  5  6  7  8 |
---------------+-------------------------+-----
Crossbows      | 5 6 7 8 |  8.0
Short Blades   | 1 2 3 5 6 |  6.7
Fighting       | 3 4 5 6 |  6.2
Dodging        | |  2.4
Stealth        | |  1.3

Action                   |  1- 3 |  4- 6 |  7- 9 || total
-------------------------+-------+-------+-------++-------
Melee: Short sword       |    85 |   206 |   198 ||   489
 Fire: Hand crossbow     |    37 |    24 |     4 ||    65
Evoke: Wand              |       |     5 |     4 ||     9
  Use: Potion            |       |     1 |       ||     1
 Stab: Sleeping          |       |     2 |       ||     2
       Paralysed         |       |     5 |     4 ||     9
  Eat: Chunk             |    11 |     8 |     6 ||    25
Armor: Leather armour    |    14 |    51 |       ||    65
       Ring mail         |       |     2 |    74 ||    76
Dodge: Dodged            |    71 |   189 |   134 ||   394
